 Dungeon Sprint DCSS version 0.27-a0-1548-gf8a67e7463 (webtiles) character file.

Game seed: 15198630765147303486

822 mhtbhm the Cleaver (level 7, -2/70 HPs)
             Began as a Minotaur Fighter on July 13, 2021.
             Was an Initiate of Gozag.
             Slain by a shadow (6 damage)
             ... in the Dungeon (Sprint VII: "The Pits").
             The game lasted 00:01:16 (731 turns).

mhtbhm the Cleaver (Minotaur Fighter)                Turns: 731, Time: 00:01:16

Health: -2/70      AC: 11    Str: 22    XL:     7   Next: 63%
Magic:  6/6        EV: 10    Int:  5    God:    Gozag
Gold:   1836       SH: 12    Dex: 10    Spells: 6/6 levels left

rFire    + . .     SeeInvis .   a - +1 hand axe (freeze)
rCold    . . .     Faith    .   c - +0 kite shield
rNeg     . . .     Spirit   .   b - +3 scale mail {rF+}
rPois    .         Reflect  .   (helmet restricted)
rElec    .         Harm     .   (no cloak)
rCorr    .         Rampage  .   (no gloves)
Will     .....     NoTele   +   (no boots)
Stlth    ..........             (no amulet)
HPRegen  0.21/turn              (no ring)
MPRegen  0.10/turn              (no ring)

@: gold aura
A: horns 2, retaliatory headbutt
a: Renounce Religion, Potion Petition, Call Merchant, Bribe Branch


You were in the Dungeon.
You worshipped Gozag.
Gozag was most pleased with you.
You visited 1 branch You collected 1836 gold pieces.

Inventory:

Hand Weapons
 a - a +1 hand axe of freezing (weapon)
Armour
 b - a +3 scale mail of fire resistance (worn)
 c - a +0 kite shield (worn)
Scrolls
 j - a scroll of blinking
 l - 5 scrolls of amnesia
 m - a scroll of summoning
Potions
 d - a potion of might
 e - 6 potions of curing
 f - 5 potions of heal wounds
 g - a potion of haste
 h - 4 potions of magic
 i - 3 potions of berserk rage
 k - 2 potions of invisibility


   Skills:
 + Level 9.1 Fighting
 + Level 11.1 Axes
 + Level 9.9 Armour
 + Level 4.2 Dodging
 + Level 2.2 Stealth
 + Level 10.5 Shields


You had 6 spell levels left.
You didn't know any spells.
Your spell library was empty.

Dungeon Overview and Level Annotations

Branches:
Dungeon (1/1)

Altars:
Ashenzari
Cheibriados
Dithmenos
Elyvilon
Fedhas
Gozag
Hepliaklqana
Kikubaaqudgha
Makhleb
Nemelex Xobeh
Okawaru
Qazlal
Ru
Sif Muna
Trog
Uskayaw
Vehumet
Wu Jian
Xom
Yredelemnul
Zin
The Shining One
Beogh
Jiyva
Lugonu

Annotations:
D Erolcha


Innate Abilities, Weirdness & Mutations

You have a pair of horns on your head.
You reflexively headbutt those who attack you in melee.


Message History

Things that are here:
72 gold pieces; a +0 hand axe You hit the orc priest.
You freeze the orc priest.
The orc priest is lightly wounded.
You closely miss something. You closely miss the orc priest.
You hit the shadow. You block the orc priest's attack.
The orc priest begins to cast a cantrip, but forgets the words!
The shadow hits you.
Unknown command.
You hit the shadow.
The shadow is moderately damaged.
You hit the orc priest but do no damage.
You hit something but do no damage. You hit the orc priest.
You freeze the orc priest.
You hear some strange, mumbled words.
You block the orc priest's attack. The orc priest barely misses you.
You furiously retaliate!
You headbutt the orc priest! You block the shadow's attack.
You hit the shadow. You headbutt the shadow.
The shadow is severely damaged.
You hit the orc priest. You freeze the orc priest. You hit something.
You hit the orc priest but do no damage.
Something hits you!!
* * * LOW HITPOINT WARNING * * *
The orc priest mumbles some strange prayers to Beogh against you.
Pain shoots through your body!
* * * LOW HITPOINT WARNING * * *
You block the orc priest's attack. The shadow closely misses you.
You furiously retaliate!
You headbutt the shadow, but do no damage.
You hit the shadow.
The shadow is severely damaged.
You slash the orc priest! You freeze the orc priest.
You kill the orc priest!
You hit something but do no damage. You hit the orc priest.
You freeze the orc priest.
The orc priest hits you but does no damage.
The shadow hits you.
You die...
Your body crumbles into a pile of gold.

#.#..########...<...#
#.#..'[))).##.......#
#)#..#.[)).##.......#
#)###########.......#
#)).....#).##########
#.).....#)######
#...#...#)#....#
#..###..#)#o...#
#...#...#.$@$..+
#.......#'#W...#
#.......'.#....#
################


You could see a shadow and an orc priest.

Vanquished Creatures
  An orange demon (D)
  An ice beast (D)
  An orc warrior (D)
  An ogre (D)
  Blork the orc (D)
  A scorpion (D)
  An orc priest (D)
  A gnoll shaman (D)
  Terence (D)
  6 gnolls (D)
  5 orcs (D)
  2 ball pythons (D)
  A goblin (D)
  A hobgoblin (D)
  6 jackals (D)
  A quokka (D)
  A jackal skeleton (D)
  A rat (D)
33 creatures vanquished.

Notes
Turn   | Place    | Note
-------+----------+-------------------------------------------
     0 | D        | mhtbhm the Minotaur Fighter began the quest for the Orb.
     0 | D        | Reached XP level 1. HP: 19/19 MP: 0/0
    11 | D        | Noticed a scorpion
    14 | D        | Killed a scorpion
    15 | D        | Reached skill level 5 in Fighting
    15 | D        | Reached skill level 4 in Axes
    15 | D        | Reached skill level 5 in Armour
    15 | D        | Reached skill level 5 in Shields
    15 | D        | Reached XP level 2. HP: 20/30 MP: 1/1
    15 | D        | Reached XP level 3. HP: 25/37 MP: 2/2
    19 | D        | Found a bloodstained altar of Trog.
    19 | D        | Found a shimmering blue altar of Sif Muna.
    19 | D        | Found a viscous altar of Jiyva.
    19 | D        | Found a hazy altar of Hepliaklqana.
    19 | D        | Found an opulent altar of Gozag.
    20 | D        | Found a glowing golden altar of the Shining One.
    20 | D        | Found a glowing silver altar of Zin.
    20 | D        | Found a basalt altar of Yredelemnul.
    20 | D        | Found a shimmering altar of Xom.
    20 | D        | Found an ornate altar of the Wu Jian Council.
    20 | D        | Found a sacrificial altar of Ru.
    20 | D        | Found a stormy altar of Qazlal.
    20 | D        | Found an iron altar of Okawaru.
    20 | D        | Found a sparkling altar of Nemelex Xobeh.
    20 | D        | Found a burning altar of Makhleb.
    20 | D        | Found a blossoming altar of Fedhas.
    20 | D        | Found a white marble altar of Elyvilon.
    20 | D        | Found a shadowy altar of Dithmenos.
    20 | D        | Found a snail-covered altar of Cheibriados.
    22 | D        | Found a radiant altar of Vehumet.
    22 | D        | Found a corrupted altar of Lugonu.
    23 | D        | Found a hide-covered altar of Uskayaw.
    23 | D        | Found an ancient bone altar of Kikubaaqudgha.
    23 | D        | Found a broken altar of Ashenzari.
    31 | D        | Became a worshipper of Gozag Ym Sagoz the Greedy
   233 | D        | Reached XP level 4. HP: 44/44 MP: 3/3
   319 | D        | Noticed Terence
   320 | D        | Noticed an ogre
   320 | D        | Noticed an ice beast
   321 | D        | Noticed Blork the orc
   333 | D        | Killed Blork the orc
   334 | D        | Reached skill level 6 in Axes
   334 | D        | Reached XP level 5. HP: 36/52 MP: 4/4
   335 | D        | Killed Terence
   336 | D        | Reached skill level 1 in Dodging
   338 | D        | Reached skill level 7 in Axes
   338 | D        | Reached skill level 1 in Stealth
   348 | D        | Killed an ice beast
   349 | D        | Reached skill level 8 in Axes
   349 | D        | Reached XP level 6. HP: 30/61 MP: 5/5
   362 | D        | Reached skill level 9 in Axes
   470 | D        | Noticed an orange demon
   484 | D        | Killed an orange demon
   485 | D        | Reached skill level 10 in Axes
   485 | D        | Reached skill level 10 in Shields
   485 | D        | Reached XP level 7. HP: 30/69 MP: 6/6
   709 | D        | Reached skill level 11 in Axes
   723 | D        | Noticed Erolcha
   723 | D        | Noticed a shadow
   731 | D        | Slain by a shadow

Illustrated notes

Levels and vault maps discovered:
D:        pitsprint [storerooms_1, entrance_room_1, metal_vault_2, armoury_1,
          mini_pit_1, grid_room_1, main_hall_1, silver_pit, the_coven_1,
          the_vestibule_1, steel_vault_4, golden_pit, hallway_of_sentries,
          crystal_vault_5, iron_vault_2, final_vault]

Skill      XL: |  1  2  3  4  5  6  7 |
---------------+----------------------+-----
Fighting       | 5 6 7 8 9 |  9.1
Axes           | 4 6 8 10 11 | 11.1
Armour         | 5 6 7 8 9 |  9.9
Shields        | 5 6 7 8 10 | 10.5
Dodging        | 1 3 4 |  4.2
Stealth        | 1 2 |  2.2

Action                   |  1- 3 |  4- 6 |  7- 9 || total
-------------------------+-------+-------+-------++-------
Melee: War axe           |     2 |       |       ||     2
       Headbutt          |     2 |    16 |     3 ||    21
       Hand axe          |    14 |    60 |    16 ||    90
  Use: Potion            |       |     1 |       ||     1
 Stab: Distracted        |       |     1 |       ||     1
Armor: Scale mail        |     9 |    36 |     3 ||    48
Dodge: Dodged            |     4 |    22 |     7 ||    33
Block: Kite shield       |     8 |    48 |    10 ||    66

Table legend: (Time is in decaauts)
 A = Elapsed time spent in this place.
 B = Non-inter-level travel time spent in this place.
 C = Inter-level travel time spent in this place.
 D = Time resting spent in this place.
 E = Time spent auto-exploring this place.
 F = Levels seen in this place.
 G = Mean time per level.
                   A        B        C        D        E       F      G
               +--------+--------+--------+--------+--------+-----+--------+
         Total |    737 |    737 |      0 |    407 |     27 |   1 |  737.0 |
       Dungeon |    737 |    737 |      0 |    407 |     27 |   1 |  737.0 |
               +--------+--------+--------+--------+--------+-----+--------+

Top non-repeatable levels by time:
       D: 737 daAuts
